Map: Void Training Stage 3

Players

Player 2

  • Race: Protoss Protoss
  • Spawn Location: 6:00

bluJay - Winner!

  • Race: Terran Terran
  • Spawn Location: 12:00

VOD

Have the link to the VOD?

Description

Time

  • Played on: July 25, 2021, 3:10 a.m.
  • Length: 19:27
Show
View Real Time Build Order
Export as new Build Order

Player 2 Protoss 

Build Orders:  

Get SALT Encoding   

  12  0:00  Probe  
  13  0:13  Probe  
  14  0:21  Pylon  
  14  0:25  Probe  
  15  0:35  Probe  
  16  0:44  Probe  
  16  0:47  Assimilator  
  17  0:50  Gateway  
  17  0:53  Probe  
  18  0:59  Pylon  
  18  1:29  Gateway  
  18  1:33  Assimilator  
  18  1:40  Zealot, Cybernetics Core  
  20  1:58  Zealot  
  22  2:19  Pylon  
  22  2:21  Warp Gate, Stalker  
  24  2:40  Stalker  
  26  2:53  Stalker  
  26  2:57  Pylon  
  28  3:05  Probe  
  29  3:18  Probe  
  29  3:19  Adept  
  32  3:29  Forge  
  32  3:30  Probe  
  33  3:38  Stalker  
  35  3:42  Probe  
  36  3:54  Probe  
  37  3:57  Stalker  
  39  4:05  Probe  
  40  6:31  Sentry  
  40  6:32  Probe  
  43  6:34  Photon Cannon  
  43  6:35  Pylon  
  43  6:37  Photon Cannon  
  43  6:39  Robotics Facility, Nexus  
  43  6:42  Twilight Council  
  43  6:44  Gateway  
  43  6:45  Sentry  
  45  6:47  Forge  
  45  6:50  Stargate  
  45  6:57  Pylon  
  45  7:00  Sentry  
  33  7:14  Adept  
  33  7:26  Observer  
  33  7:28  Stalker  
  36  7:43  Adept  
  37  7:47  Observer  
  38  7:52  Probe  
  38  7:55  Probe  
  38  7:57  Stalker  
  42  8:00  Assimilator  
  42  8:02  Pylon  
  42  8:03  Pylon  
  42  8:04  Probe  
  42  8:05  Assimilator  
  43  8:07  Probe  
  43  8:11  Zealot  
  46  8:16  Probe  
  46  8:19  Probe  
  48  8:24  Photon Cannon  
  48  8:25  Zealot  
  48  8:26  Probe  
  50  8:27  Photon Cannon  
  50  8:31  Probe  
  52  8:34  Probe  
  52  8:40  Stalker  
  55  8:42  Probe  
  55  8:43  Probe  
  57  8:54  Stalker  
  57  8:55  Probe  
  60  8:56  Probe  
  61  9:07  Probe  
  61  9:08  Probe  
  63  9:19  Probe  
  63  9:20  Probe  
  65  9:27  Probe  
  65  9:32  Probe  
  65  9:35  Probe  
  67  9:44  Probe  
  69  10:52  Protoss Ground Armor Level 1  
  69  11:09  Protoss Ground Weapons Level 1  
  69  11:19  Immortal  
  69  11:23  Gateway  
  73  11:27  Templar Archives  
  73  11:28  Sentry  
  73  11:30  Pylon  
  75  11:33  Dark Shrine  
  75  11:35  Robotics Bay  
  75  11:37  Robotics Facility  
  75  11:39  Stargate  
  75  11:42  Fleet Beacon  
  75  11:43  Nexus  
  75  11:51  Zealot  
  55  11:59  Observer  
  55  12:01  Sentry  
  58  12:10  Stalker  
  60  12:19  Stalker  
  60  12:20  Warp Prism  
  64  12:24  Gravitic Boosters, Warp Prism  
  64  12:29  Sentry  
  68  12:38  Stalker  
  70  12:47  Sentry  
  72  12:56  Stalker, Probe  
  75  12:59  Probe  
  75  13:01  Assimilator  
  75  13:02  Probe  
  77  13:06  High Templar  
  77  13:07  Probe  
  77  13:11  Pylon  
  80  13:14  Probe  
  80  13:15  High Templar, Probe  
  80  13:18  Pylon  
  81  13:22  Stalker  
  81  13:23  Probe  
  81  13:26  Probe  
  80  13:27  Pylon  
  80  13:30  Zealot  
  70  13:35  Probe  
  70  13:38  Probe  
  70  13:44  Stalker  
  63  13:50  Probe  
  63  13:51  Zealot  
  50  13:58  Stalker, Pylon  
  29  14:02  Probe  
  29  14:05  Stalker  
  20  14:13  Void Ray  
  20  14:15  Warp Prism, Probe  
  25  14:20  Zealot  
  24  14:27  Zealot, Probe  
  27  14:36  Sentry  
  27  14:37  Nexus  
  28  14:39  Assimilator, Probe  
  24  14:51  Pylon  
  24  14:52  Zealot  
  6  15:01  Sentry  
  6  15:10  Stalker  
Show
View Real Time Build Order
Export as new Build Order

bluJay Terran - Winner!

Build Orders:  

Get SALT Encoding   

  12  0:01  SCV  
  13  0:13  SCV  
  14  0:19  Supply Depot  
  14  0:25  SCV  
  15  0:41  SCV  
  15  0:42  Barracks  
  16  0:54  Refinery, Supply Depot  
  16  0:57  SCV  
  17  1:09  SCV  
  19  1:28  Orbital Command  
  18  1:38  Barracks Reactor  
  18  1:50  Command Center  
  18  1:56  SCV  
  19  2:06  Bunker  
  19  2:09  SCV  
  19  2:14  Marine x2  
  22  2:22  SCV  
  23  2:30  Barracks  
  23  2:34  Marine  
  24  2:38  SCV  
  24  2:42  Marine  
  26  2:51  Supply Depot  
  26  2:53  SCV  
  26  2:56  Marine  
  28  3:04  Marine  
  29  3:06  SCV  
  30  3:13  Orbital Command  
  30  3:16  Marine  
  30  3:19  Barracks Tech Lab  
  31  3:22  SCV  
  31  3:24  Marine  
  33  3:39  Stimpack  
  33  3:46  SCV x2  
  33  3:47  Barracks  
  33  3:48  Marine  
  36  3:52  Marine  
  36  3:53  Marine  
  38  3:57  Refinery  
  38  4:00  SCV  
  38  4:02  SCV  
  40  4:13  Supply Depot  
  40  4:14  SCV  
  40  4:15  Marine x2  
  43  4:18  SCV  
  44  4:28  SCV  
  44  4:30  Marine  
  46  4:36  Barracks Reactor  
  46  4:42  Factory  
  46  4:43  Engineering Bay  
  46  4:44  SCV x2  
  46  4:45  Marine x2  
  50  4:56  SCV  
  50  4:57  SCV, Supply Depot  
  50  4:59  Marauder  
  54  5:05  Marine x2  
  56  5:11  Terran Infantry Weapons Level 1  
  56  5:13  Marine x2  
  58  5:15  SCV x2  
  58  5:18  Combat Shield  
  60  5:22  Supply Depot  
  60  5:26  Factory Reactor  
  60  5:27  SCV, Starport  
  60  5:28  SCV, Marine  
  62  5:29  Marine  
  62  5:30  Marauder  
  66  5:36  Marine x2  
  66  5:42  SCV x2  
  70  5:48  Marine x2  
  72  5:51  Marauder  
  72  5:54  Marine x2  
  72  5:56  SCV x2  
  78  6:09  SCV x2, Marine x2  
  78  6:11  Factory Tech Lab  
  82  6:13  Refinery  
  82  6:15  Refinery, Marine x2  
  82  6:16  Marauder  
  82  6:17  Medivac x2  
  90  6:28  Supply Depot  
  90  6:29  Supply Depot  
  90  6:37  Marine x4  
  94  6:41  SCV  
  94  6:42  SCV  
  94  6:43  Marine  
  100  6:54  Siege Tank  
  100  6:55  Medivac  
  104  7:01  Medivac, Marauder  
  104  7:02  Marine x2  
  104  7:03  Marine x2  
  104  7:05  Terran Infantry Armor Level 1  
  110  7:18  SCV x2, Supply Depot  
  110  7:20  Supply Depot, Marine x3  
  115  7:27  Siege Tank  
  118  7:40  Marine x4  
  118  7:41  Marauder  
  118  7:43  Medivac x2  
  128  7:49  Command Center, SCV  
  128  7:50  SCV  
  130  8:03  SCV x2  
  130  8:04  Marine x4  
  130  8:05  Marauder  
  138  8:06  Siege Tank  
  141  8:17  SCV  
  141  8:18  SCV  
  143  8:20  Medivac x2  
  143  8:24  Refinery  
  147  8:29  Refinery, Concussive Shells  
  147  8:35  Engineering Bay  
  147  8:36  Armory  
  147  8:38  SCV x2  
  147  8:39  Marine  
  147  8:40  Marine  
  151  8:41  Marine  
  151  8:43  Marine  
  151  8:46  Marauder  
  155  8:50  Siege Tank  
  158  9:00  Marine  
  159  9:03  Medivac x2  
  159  9:04  Marine x2  
  159  9:05  Marine  
  166  9:10  Orbital Command  
  166  9:18  Marauder  
  166  9:20  SCV x2  
  170  9:26  Terran Infantry Weapons Level 2, Terran Infantry Armor Level 2  
  170  9:29  Marine x2  
  172  9:38  Missile Turret  
  172  9:41  Missile Turret  
  172  9:42  Marine  
  172  9:43  Marine  
  172  9:44  Marauder  
  176  9:45  Sensor Tower  
  176  9:50  Medivac x2  
  180  10:02  Marine x2  
  180  10:03  Marine x2  
  180  10:05  Siege Tank  
  187  10:13  Terran Vehicle Weapons Level 1  
  187  10:14  Barracks  
  187  10:15  Barracks  
  187  10:16  Marauder  
  189  10:33  Marine x3  
  189  10:34  Marine  
  193  10:37  Siege Tank  
  196  10:47  Marine  
  197  11:05  Barracks Tech Lab, Barracks Reactor  
  197  11:09  Siege Tank  
  200  11:30  Command Center  
  200  11:36  Command Center  
  200  11:40  Command Center  
  200  11:43  Terran Infantry Armor Level 3, Terran Infantry Weapons Level 3  
  199  11:49  SCV  
  198  11:58  Marauder  
  200  12:07  Terran Vehicle And Ship Armor Level 1  
  200  12:26  Command Center  
  200  12:45  Refinery  
  109  12:51  Orbital Command, Refinery  
  200  12:52  Orbital Command  
  200  13:11  Refinery  
  200  13:16  Refinery  
  199  13:57  Marine  
  199  14:01  Terran Vehicle Weapons Level 2, Planetary Fortress  
  200  14:20  Hi-Sec Auto Tracking, Neosteel Armor  
  200  16:16  Terran Vehicle And Ship Armor Level 2  
  200  17:02  Refinery  
  200  17:29  Refinery  
Tags
 
Add a new tag
Caveats
  • Supply blocks, unpowered buildings, or Contaminate may cause inaccurate times.
  • Supply counts are checked every 10 seconds.